PCL
REDWOOD CITY REDWOODS @ DISTRICT 9 PRAWNS
04/26/2023
 
TOP OF THE 1ST
Redwood City Redwoods batting - Pitching for District 9 Prawns : RHP Jeff Townsend
Pitching: RHP Jeff Townsend
Batting: RHB Daryl Floyd 0-0: Ball
1-0: Ball
2-0: Ball
3-0: Called Strike
3-1: Called Strike
3-2: Ground out 6-3 (Groundball, 6)
Batting: LHB Juan Hernández 0-0: Ball
1-0: SINGLE (Groundball, 34)
Batting: LHB Tony Warrilow 0-0: Ball
1-0: Ball
2-0: Called Strike
2-1: Ball
3-1: Foul Ball, location: 2F
3-2: Foul Ball, location: 2F
3-2: Fly out, F8 (Flyball, 8LM)
Batting: LHB Nicholas Alston 0-0: Called Strike
0-1: Called Strike
0-2: Fly out, F1 (Line Drive, 15)
Top of the 1st over - 0 run(s), 1 hit(s), 0 error(s), 1 left on base; Redwood City 0 - District 9 0
BOTTOM OF THE 1ST
District 9 Prawns batting - Pitching for Redwood City Redwoods : RHP Elton Johnston
Pitching: RHP Elton Johnston
Batting: RHB Alonso Holguín 0-0: Ball
1-0: SINGLE (Line Drive, 89S)
Batting: RHB Alfredo Cortéz 0-0: Ball
1-0: Ball
2-0: Ball
3-0: Called Strike
3-1: Base on Balls
Alonso Holguín to second
Batting: LHB Leland Hardy 0-0: Called Strike
0-1: Ball
1-1: Called Strike
1-2: Foul Ball, location: 2F
1-2: Fly out, F9 (Line Drive, 89D)
Batting: RHB Lúcio García 0-0: Ball
1-0: Swinging Strike
1-1: Ball
2-1: Swinging Strike
2-2: Foul Ball, location: 2F
2-2: Foul Ball, location: 2F
2-2: Strikes out swinging
Batting: RHB Bill Beck 0-0: Ball
1-0: Ball
2-0: Called Strike
2-1: Foul Ball, location: 2F
2-2: Foul Ball, location: 2F
2-2: Fly out, F8 (Flyball, 78D)
Bottom of the 1st over - 0 run(s), 1 hit(s), 0 error(s), 2 left on base; Redwood City 0 - District 9 0
TOP OF THE 2ND
Redwood City Redwoods batting - Pitching for District 9 Prawns : RHP Jeff Townsend
Batting: SHB Marvin Harris 0-0: Ground out 5-3 (Groundball, 56)
Batting: RHB Anastasio García 0-0: Ball
1-0: Ball
2-0: Ball
3-0: Base on Balls
Batting: LHB Vincente Sáenz 0-0: Grounds into double play, 4-6-3 (Groundball, 4)
Top of the 2nd over - 0 run(s), 0 hit(s), 0 error(s), 0 left on base; Redwood City 0 - District 9 0
BOTTOM OF THE 2ND
District 9 Prawns batting - Pitching for Redwood City Redwoods : RHP Elton Johnston
Batting: RHB Robert Bly 0-0: Ball
1-0: Ball
2-0: Ground out 6-3 (Groundball, 6)
Batting: RHB Jonah Duncan 0-0: Called Strike
0-1: Foul Ball, location: 2F
0-2: Ball
1-2: DOUBLE (Flyball, 8RXD)
Batting: RHB Robert Buckley 0-0: Ball
1-0: Swinging Strike
1-1: Ball
2-1: Foul Ball, location: 2F
2-2: Ball
3-2: Strikes out swinging
Batting: SHB Mark Pope 0-0: Fly out, F8 (Flyball, 8LM)
Bottom of the 2nd over - 0 run(s), 1 hit(s), 0 error(s), 1 left on base; Redwood City 0 - District 9 0
TOP OF THE 3RD
Redwood City Redwoods batting - Pitching for District 9 Prawns : RHP Jeff Townsend
Batting: RHB Dan Martin 0-0: Ground out 4-3 (Groundball, 4)
Batting: LHB António Alonzo 0-0: Ball
1-0: Called Strike
1-1: Ball
2-1: Foul Ball, location: 2F
2-2: Ball
3-2: Strikes out swinging
Batting: RHB Daryl Floyd 0-0: Ground out 5-3 (Groundball, 5L)
Top of the 3rd over - 0 run(s), 0 hit(s), 0 error(s), 0 left on base; Redwood City 0 - District 9 0
BOTTOM OF THE 3RD
District 9 Prawns batting - Pitching for Redwood City Redwoods : RHP Elton Johnston
Batting: RHB Alonso Holguín 0-0: Ball
1-0: Foul Ball, location: 2F
1-1: Swinging Strike
1-2: Foul Ball, location: 2F
1-2: Ground out 6-3 (Groundball, 6)
Batting: RHB Alfredo Cortéz 0-0: Ball
1-0: Ball
2-0: Foul Ball, location: 2F
2-1: Ball
3-1: Foul Ball, location: 2F
3-2: SINGLE (Flyball, 9LS)
Batting: LHB Leland Hardy 0-0: Called Strike
0-1: Called Strike
0-2: Strikes out swinging
Batting: RHB Lúcio García 0-0: Called Strike
0-1: Ball
1-1: Foul Ball, location: 2F
1-2: Strikes out swinging
Bottom of the 3rd over - 0 run(s), 1 hit(s), 0 error(s), 1 left on base; Redwood City 0 - District 9 0
TOP OF THE 4TH
Redwood City Redwoods batting - Pitching for District 9 Prawns : RHP Jeff Townsend
Batting: LHB Juan Hernández 0-0: Swinging Strike
0-1: Ball
1-1: Ball
2-1: Ball
3-1: Fly out, F8 (Flyball, 8RM)
Batting: LHB Tony Warrilow 0-0: Ball
1-0: Ball
2-0: Ball
3-0: Called Strike
3-1: Base on Balls
Batting: LHB Nicholas Alston 0-0: Ball
1-0: Ball
2-0: Foul Ball, location: 2F
2-1: Ball
3-1: Swinging Strike
Passed Ball!
Tony Warrilow to second
3-2: Foul Ball, location: 2F
3-2: Foul Ball, location: 2F
3-2: Strikes out swinging
Batting: SHB Marvin Harris 0-0: Ball
1-0: Foul Ball, location: 2F
1-1: Foul Ball, location: 2F
1-2: Ball
2-2: Foul Ball, location: 2F
2-2: Foul Ball, location: 2F
2-2: Strikes out swinging
Top of the 4th over - 0 run(s), 0 hit(s), 0 error(s), 1 left on base; Redwood City 0 - District 9 0
BOTTOM OF THE 4TH
District 9 Prawns batting - Pitching for Redwood City Redwoods : RHP Elton Johnston
Batting: RHB Bill Beck 0-0: Ball
1-0: Ball
2-0: Ball
3-0: Base on Balls
Batting: RHB Robert Bly 0-0: Ball
1-0: Foul Ball, location: 2F
1-1: Ball
2-1: Ball
3-1: Base on Balls
Bill Beck to second
Batting: RHB Jonah Duncan 0-0: Ball
1-0: Called Strike
1-1: Ball
2-1: Swinging Strike
2-2: Ball
3-2: Grounds into double play, 5-4-3 (Groundball, 56)
Bill Beck to third
Batting: RHB Robert Buckley 0-0: Ball
1-0: Called Strike
1-1: Ball
2-1: Foul Ball, location: 2F
2-2: Ball
3-2: Strikes out swinging
Bottom of the 4th over - 0 run(s), 0 hit(s), 0 error(s), 1 left on base; Redwood City 0 - District 9 0
TOP OF THE 5TH
Redwood City Redwoods batting - Pitching for District 9 Prawns : RHP Jeff Townsend
Batting: RHB Anastasio García 0-0: SINGLE (Groundball, 34D)
Batting: LHB Vincente Sáenz 0-0: Ball
1-0: Ball
2-0: Called Strike
2-1: Foul Ball, location: 2F
2-2: Ball
3-2: Base on Balls
Anastasio García to second
Batting: RHB Dan Martin 0-0: Called Strike
0-1: Ball
1-1: Called Strike
1-2: Ball
2-2: Fly out, F8 (Flyball, 8RM)
Batting: LHB António Alonzo 0-0: Foul Ball, location: 2F
0-1: Ball
1-1: SINGLE (Groundball, 34D)
Anastasio García to third
Vincente Sáenz to second
Runner from 3rd tries for Home, SAFE, throw made home
Vincente Sáenz to third
António Alonzo to second
Batting: RHB Daryl Floyd 0-0: Foul Ball, location: 2F
0-1: Ball
1-1: SINGLE (Groundball, 34D) (infield hit)
Vincente Sáenz scores
António Alonzo to third
Batting: LHB Juan Hernández 0-0: Ball
1-0: Ball
Daryl Floyd is caught stealing 2nd base
2-0: Called Strike
2-1: Called Strike
2-2: Foul Ball, location: 2F
2-2: Strikes out swinging
Top of the 5th over - 2 run(s), 3 hit(s), 0 error(s), 1 left on base; Redwood City 2 - District 9 0
BOTTOM OF THE 5TH
District 9 Prawns batting - Pitching for Redwood City Redwoods : RHP Elton Johnston
Batting: SHB Mark Pope 0-0: Called Strike
0-1: Swinging Strike
0-2: Ball
1-2: Foul Ball, location: 2F
1-2: Ball
2-2: Ground out 4-3 (Groundball, 34)
Batting: RHB Alonso Holguín 0-0: SINGLE (Line Drive, 7LS)
Batting: RHB Alfredo Cortéz 0-0: Ball
1-0: Called Strike
1-1: Foul Ball, location: 2F
1-2: Strikes out swinging
Batting: LHB Leland Hardy 0-0: Ball
1-0: Foul Ball, location: 2F
1-1: Fly out, F5 (Popup, 25F)
Bottom of the 5th over - 0 run(s), 1 hit(s), 0 error(s), 1 left on base; Redwood City 2 - District 9 0
TOP OF THE 6TH
Redwood City Redwoods batting - Pitching for District 9 Prawns : RHP Jeff Townsend
Batting: LHB Tony Warrilow 0-0: Swinging Strike
0-1: Ball
1-1: Called Strike
1-2: Foul Ball, location: 2F
1-2: Foul Ball, location: 2F
1-2: Ball
2-2: Foul Ball, location: 2F
2-2: Ball
3-2: Ground out 4-3 (Groundball, 4)
Batting: LHB Nicholas Alston 0-0: SINGLE (Flyball, 7S)
Batting: SHB Marvin Harris 0-0: Ball
1-0: Ball
2-0: Ball
3-0: Called Strike
3-1: Called Strike
3-2: Grounds into double play, 4-6-3 (Groundball, 4)
Top of the 6th over - 0 run(s), 1 hit(s), 0 error(s), 0 left on base; Redwood City 2 - District 9 0
BOTTOM OF THE 6TH
District 9 Prawns batting - Pitching for Redwood City Redwoods : RHP Elton Johnston
Batting: RHB Lúcio García 0-0: Called Strike
0-1: Ball
1-1: Ball
2-1: Fly out, F3 (Popup, 3D)
Batting: RHB Bill Beck 0-0: Ball
1-0: Ball
2-0: Foul Ball, location: 2F
2-1: Foul Ball, location: 2F
2-2: Ball
3-2: Strikes out looking
Batting: RHB Robert Bly 0-0: Ball
1-0: Ball
2-0: Ball
3-0: Base on Balls
Pitching: RHP Júlio Juárez
Batting: RHB Jonah Duncan 0-0: Ball
1-0: Foul Ball, location: 2F
1-1: SINGLE (Groundball, 4MD)
Robert Bly to second
Batting: RHB Robert Buckley 0-0: Ground out 6-3 (Groundball, 6)
Bottom of the 6th over - 0 run(s), 1 hit(s), 0 error(s), 2 left on base; Redwood City 2 - District 9 0
TOP OF THE 7TH
Redwood City Redwoods batting - Pitching for District 9 Prawns : RHP Jeff Townsend
Batting: RHB Anastasio García 0-0: TRIPLE (Flyball, 89D)
Batting: LHB Vincente Sáenz 0-0: Intentional Walk
Pitching: RHP Bill McKinney
Pinch Hitting: LHB Patrick Bright 0-0: Ball
1-0: Ball
2-0: Ball
3-0: Called Strike
3-1: Foul Ball, location: 2F
3-2: Base on Balls
Vincente Sáenz to second
Pinch Hitting: RHB Fu Tse 0-0: Fly out, F8 (Line Drive, 8RD)
Runner from 3rd tags up, SCORES, no throw
Vincente Sáenz to third
Batting: RHB Daryl Floyd 0-0: Called Strike
0-1: Called Strike
0-2: Ball
1-2: Ball
2-2: Strikes out swinging
Batting: LHB Juan Hernández 0-0: Called Strike
0-1: Ball
Passed Ball!
Vincente Sáenz scores
Patrick Bright to second
1-1: Foul Ball, location: 2F
1-2: Foul Ball, location: 2F
1-2: SINGLE (Groundball, 34D)
Patrick Bright to third
Runner from 3rd tries for Home, SAFE, no throw or cutoff
Batting: LHB Tony Warrilow 0-0: Called Strike
0-1: Ball
1-1: Foul Ball, location: 2F
1-2: Ball
2-2: Strikes out swinging
Top of the 7th over - 3 run(s), 2 hit(s), 0 error(s), 1 left on base; Redwood City 5 - District 9 0
BOTTOM OF THE 7TH
District 9 Prawns batting - Pitching for Redwood City Redwoods : RHP Júlio Juárez
Now at 2B: Chris Crawford
Now at 3B: Fu Tse
Batting: SHB Mark Pope 0-0: Ball
1-0: Called Strike
1-1: Fly out, F1 (Popup, 13S)
Batting: RHB Alonso Holguín 0-0: Foul Ball, location: 2F
0-1: Fly out, F4 (Popup, 4)
Batting: RHB Alfredo Cortéz 0-0: Ball
1-0: Foul Ball, location: 2F
1-1: Ball
2-1: Ball
3-1: Called Strike
3-2: Ground out 6-3 (Groundball, 6)
Bottom of the 7th over - 0 run(s), 0 hit(s), 0 error(s), 0 left on base; Redwood City 5 - District 9 0
TOP OF THE 8TH
Redwood City Redwoods batting - Pitching for District 9 Prawns : RHP Bill McKinney
Batting: LHB Nicholas Alston 0-0: Called Strike
0-1: Called Strike
0-2: Strikes out swinging
Batting: SHB Marvin Harris 0-0: Swinging Strike
0-1: SINGLE (Line Drive, 78M)
Batting: RHB Anastasio García 0-0: Ball
1-0: Called Strike
1-1: Ball
2-1: Foul Ball, location: 2F
2-2: Strikes out swinging
Batting: LHB Vincente Sáenz 0-0: Called Strike
0-1: Ball
1-1: Ball
2-1: Foul Ball, location: 2F
2-2: Foul Ball, location: 2F
2-2: Ball
3-2: Foul Ball, location: 2F
3-2: Base on Balls
Marvin Harris to second
Batting: SHB Chris Crawford 0-0: Called Strike
0-1: Ball
1-1: Ball
2-1: Ground out 4-3 (Groundball, 34)
Top of the 8th over - 0 run(s), 1 hit(s), 0 error(s), 2 left on base; Redwood City 5 - District 9 0
BOTTOM OF THE 8TH
District 9 Prawns batting - Pitching for Redwood City Redwoods : RHP Júlio Juárez
Now at C: Yasuhiko Sumita
Batting: LHB Leland Hardy 0-0: Ground out 4-3 (Groundball, 4M)
Batting: RHB Lúcio García 0-0: Called Strike
0-1: Ball
1-1: Fly out, F9 (Flyball, 89M)
Batting: RHB Bill Beck 0-0: Ball
1-0: Ground out 5-3 (Groundball, 5S)
Bottom of the 8th over - 0 run(s), 0 hit(s), 0 error(s), 0 left on base; Redwood City 5 - District 9 0
TOP OF THE 9TH
Redwood City Redwoods batting - Pitching for District 9 Prawns : RHP Bill McKinney
Batting: RHB Fu Tse 0-0: Called Strike
0-1: Swinging Strike
0-2: Ball
1-2: Strikes out swinging
Batting: RHB Daryl Floyd 0-0: Ball
1-0: Called Strike
1-1: Foul Ball, location: 2F
1-2: Foul Ball, location: 2F
1-2: Ball
2-2: Strikes out swinging
Pitching: RHP Juan Cervantes
Batting: LHB Juan Hernández 0-0: Ball
1-0: Ball
2-0: Ball
3-0: Base on Balls
Batting: LHB Tony Warrilow 0-0: Ball
1-0: Swinging Strike
1-1: Called Strike
1-2: Ball
2-2: Ball
3-2: Foul Ball, location: 2F
3-2: Base on Balls
Juan Hernández to second
Batting: LHB Nicholas Alston 0-0: Ball
1-0: Called Strike
1-1: Ball
2-1: Called Strike
2-2: Strikes out swinging
Top of the 9th over - 0 run(s), 0 hit(s), 0 error(s), 2 left on base; Redwood City 5 - District 9 0
BOTTOM OF THE 9TH
District 9 Prawns batting - Pitching for Redwood City Redwoods : RHP Júlio Juárez
Pitching: RHP Joe Watts
Now in CF: River Wilson
Batting: RHB Robert Bly 0-0: Called Strike
0-1: Swinging Strike
0-2: Ball
1-2: Fly out, F9 (Flyball, 9S)
Batting: RHB Jonah Duncan 0-0: Ball
1-0: Called Strike
1-1: Foul Ball, location: 2F
1-2: Strikes out looking
Batting: RHB Robert Buckley 0-0: Swinging Strike
0-1: Swinging Strike
0-2: Ball
1-2: Strikes out swinging
Bottom of the 9th over - 0 run(s), 0 hit(s), 0 error(s), 0 left on base; Redwood City 5 - District 9 0
This league is powered by Out of the Park Baseball, the baseball management simulation game for PC, Mac and Linux
Wednesday, December 2nd, 2015 - OOTP Baseball 16.8 Build 38